[Event "Titled Tuesday Blitz July 25 Early 2023"]
[White "Bernadskiy, Vitaliy"]
[Black "Kuznetsov, Felix"]
[WhiteFideId "14100371"]
[BlackFideId "34147990"]
[WhiteElo "2886"]
[BlackElo "2721"]
[Result "1/2-1/2"]
[Round "8"]
[TimeControl "180+2"]
[Date "2023.07.25"]
[WhiteClock "0:00:05"]
[BlackClock "0:00:39"]
[Board "28"]

1. e4 c5 2. Nf3 Nc6 3. b3 d6 4. Nc3 g6 5. Bb2 Bg7 6. Bb5 Bd7 7. Bxc6 Bxc6 8. d3 e6 9. Qd2 Ne7 10. O-O O-O 11. Nd1 Bxb2 12. Nxb2 e5 13. Nc4 Kg7 14. Ng5 h6 15. Nh3 f5 16. f4 fxe4 17. dxe4 Bxe4 18. Nxd6 Bf5 19. fxe5 Bxh3 20. gxh3 Nf5 21. Nxf5+ Rxf5 22. Qxd8 Rxd8 23. Rxf5 gxf5 24. Kf2 Rd2+ 25. Kf3 Rxh2 26. Rd1 Rxc2 27. Rd7+ Kg6 28. Rxb7 Rxa2 29. Rc7 Rb2 30. Kf4 Rf2+ 31. Ke3 Rh2 32. Kf4 Rf2+ 33. Ke3 Rh2 34. Kf4 Rf2+ 1/2-1/2


[Site "https://www.chess.com"]

[Event "Titled Tuesday Blitz July 25 Early 2023"]
[White "Vaishali, Rameshbabu"]
[Black "Bacrot, Etienne"]
[WhiteFideId "5091756"]
[BlackFideId "605506"]
[WhiteElo "2720"]
[BlackElo "2869"]
[Result "0-1"]
[Round "8"]
[TimeControl "180+2"]
[Date "2023.07.25"]
[WhiteClock "0:00:00"]
[BlackClock "0:00:13"]
[Board "29"]

1. e4 c5 2. Nf3 d6 3. Bb5+ Nc6 4. O-O Bd7 5. Re1 Nf6 6. c3 a6 7. Bf1 Rg8 8. d4 cxd4 9. cxd4 Bg4 10. Nc3 Bxf3 11. gxf3 g5 12. Be3 e6 13. d5 Ne5 14. Bg2 Be7 15. dxe6 fxe6 16. Kh1 Qd7 17. Na4 Rd8 18. Rc1 Nh5 19. Nb6 Qb5 20. Re2 Nf4 21. Rd2 Nxg2 22. Kxg2 g4 23. f4 Nf3 24. f5 Nxd2 25. Qxd2 exf5 26. Rc7 Qe5 27. Nd5 Qxe4+ 28. Kg1 Rd7 29. Rc8+ Kf7 30. Rxg8 Kxg8 31. Bh6 Qb1+ 32. Kg2 Qe4+ 33. Kg1 Kf7 34. Nc3 Qe6 35. Qd4 Bf6 36. Qd2 Bxc3 37. bxc3 Re7 38. Kg2 Qe4+ 39. Kg3 Qf3+ 40. Kh4 Re6 41. Qd4 Qh3+ 0-1


[Site "https://www.chess.com"]

[Event "Titled Tuesday Blitz July 25 Early 2023"]
[White "Harsha Bharathakoti"]
[Black "Marek, Matyas"]
[WhiteFideId "5078776"]
[BlackFideId "335398"]
[WhiteElo "2868"]
[BlackElo "2714"]
[Result "1-0"]
[Round "8"]
[TimeControl "180+2"]
[Date "2023.07.25"]
[WhiteClock "0:00:03"]
[BlackClock "0:00:00"]
[Board "30"]

1. Nf3 c5 2. e4 d6 3. d4 cxd4 4. Nxd4 Nf6 5. Nc3 Nc6 6. Bg5 e6 7. Qd2 a6 8. O-O-O Bd7 9. f4 b5 10. Kb1 b4 11. Bxf6 Qxf6 12. Nce2 Qd8 13. Nxc6 Bxc6 14. Qxb4 Be7 15. Nd4 Bd7 16. f5 O-O 17. fxe6 fxe6 18. Qd2 Qc7 19. g3 Rab8 20. Bh3 Bf6 21. c3 Rfe8 22. Rhf1 Be5 23. Ka1 Qa5 24. Nf3 Rxb2 25. Kxb2 Bxc3+ 26. Qxc3 Rb8+ 27. Qb3 Rb4 28. Nd4 Rxb3+ 29. axb3 Qe5 30. Rfe1 h5 31. Rd2 a5 32. Kc2 a4 33. bxa4 Bxa4+ 34. Kd3 h4 35. gxh4 Bd7 36. Rg1 Qf4 37. Rdg2 Be8 38. Rxg7+ Kh8 39. Bxe6 Bb5+ 40. Nxb5 Qf3+ 41. Kd4 Qf2+ 42. Kd3 Qf3+ 43. Kd2 Qf2+ 44. Kc3 Qc5+ 45. Bc4 Qe3+ 46. Kb4 Qd2+ 47. Kb3 Qe3+ 48. Ka4 d5 49. Rg8+ Kh7 50. Bxd5 1-0


[Site "https://www.chess.com"]

[Event "Titled Tuesday Blitz July 25 Early 2023"]
[White "Oleksiyenko, Mykhaylo"]
[Black "Kushagra Mohan"]
[WhiteFideId "4152417"]
[BlackFideId "25033638"]
[WhiteElo "2684"]
[BlackElo "2860"]
[Result "0-1"]
[Round "8"]
[TimeControl "180+2"]
[Date "2023.07.25"]
[WhiteClock "0:00:06"]
[BlackClock "0:00:27"]
[Board "31"]

1. e4 e5 2. Nf3 Nc6 3. Bb5 a6 4. Bxc6 dxc6 5. O-O Qf6 6. d4 exd4 7. Bg5 Qd6 8. Qxd4 h6 9. Be3 Qxd4 10. Nxd4 Bd7 11. Nc3 O-O-O 12. Rad1 g5 13. Nf5 Ne7 14. Bd4 Rg8 15. Bf6 Re8 16. Bxe7 Bxe7 17. Nxh6 Rg7 18. Nf5 Bxf5 19. exf5 Bf6 20. Rfe1 Rxe1+ 21. Rxe1 Rg8 22. Kf1 b5 23. Nd1 Rd8 24. Ke2 a5 25. b3 a4 26. Ne3 a3 27. Rd1 Re8 28. Kf3 Be5 29. h3 Bd6 30. Kg4 f6 31. Kf3 Re5 32. g4 Rc5 33. Rd3 Kb7 34. c3 Kb6 35. Nc2 Re5 36. b4 c5 37. Nxa3 cxb4 38. cxb4 Bxb4 39. Nc2 Bd6 40. Ne3 Kc6 41. Rc3+ Rc5 42. Rxc5+ Kxc5 43. Ke4 c6 44. Ng2 Kb4 45. f4 c5 46. fxg5 fxg5 47. Kd5 Bf8 48. h4 gxh4 49. Nxh4 c4 50. Ng2 Ka3 51. Ne3 c3 52. g5 Kxa2 53. f6 b4 54. Kc4 b3 55. g6 c2 56. g7 c1=Q+ 57. Kd3 Bxg7 58. fxg7 Qg1 0-1


[Site "https://www.chess.com"]

[Event "Titled Tuesday Blitz July 25 Early 2023"]
[White "brm72"]
[Black "Ilamparthi A R"]
[BlackFideId "45015775"]
[WhiteElo "2681"]
[BlackElo "2849"]
[Result "0-1"]
[Round "8"]
[TimeControl "180+2"]
[Date "2023.07.25"]
[WhiteClock "0:00:10"]
[BlackClock "0:00:50"]
[Board "32"]

1. e4 c5 2. Nf3 e6 3. d4 cxd4 4. Nxd4 Nf6 5. Nc3 Nc6 6. Nxc6 bxc6 7. e5 Nd5 8. Ne4 Qc7 9. f4 Rb8 10. c4 Bb4+ 11. Ke2 O-O 12. cxd5 cxd5 13. Ng5 f6 14. exf6 Rxf6 15. Nf3 e5 16. Qxd5+ Kh8 17. fxe5 Bb7 18. Qd4 Bc5 19. Qc3 Rf5 20. Bd2 Qb6 21. Rc1 d6 22. exd6 Qxd6 23. Kd1 Bb4 24. Qxb4 Bxf3+ 25. gxf3 Rxb4 26. Rc8+ Rf8 27. Rxf8+ Qxf8 28. Bxb4 Qxf3+ 29. Kc2 Qxh1 30. Bd3 Qxh2+ 31. Kb3 h5 32. Bc3 h4 0-1


[Site "https://www.chess.com"]

[Event "Titled Tuesday Blitz July 25 Early 2023"]
[White "Kezin, Roman"]
[Black "Martic, Ivan"]
[WhiteFideId "24124621"]
[BlackFideId "929301"]
[WhiteElo "2834"]
[BlackElo "2643"]
[Result "0-1"]
[Round "8"]
[TimeControl "180+2"]
[Date "2023.07.25"]
[WhiteClock "0:00:00"]
[BlackClock "0:00:55"]
[Board "33"]

1. c3 g6 2. e4 e5 3. d4 Nc6 4. Nf3 Bg7 5. Bg5 f6 6. Be3 d6 7. Bc4 Nh6 8. h3 Nf7 9. Nbd2 Qe7 10. Qb3 a6 11. O-O-O Bd7 12. Qxb7 O-O 13. dxe5 dxe5 14. Nb3 Kh8 15. Qxc7 Rfd8 16. Nc5 Nd4 17. cxd4 Rac8 18. Qa5 exd4 19. Bxd4 Nd6 20. Bd5 Nb5 21. Kb1 Nxd4 22. Nxd7 Nc2 23. Nb6 Qc7 24. Rc1 Bh6 0-1


[Site "https://www.chess.com"]

[Event "Titled Tuesday Blitz July 25 Early 2023"]
[White "Agibileg, Uurtsaikh"]
[Black "Donchenko, Alexander"]
[WhiteFideId "4901606"]
[BlackFideId "24603295"]
[WhiteElo "2622"]
[BlackElo "2832"]
[Result "1-0"]
[Round "8"]
[TimeControl "180+2"]
[Date "2023.07.25"]
[WhiteClock "0:01:43"]
[BlackClock "0:00:42"]
[Board "34"]

1. d4 Nf6 2. c4 g6 3. Nc3 Bg7 4. e4 d6 5. Be2 O-O 6. Nf3 e5 7. O-O Bg4 8. Be3 Bxf3 9. Bxf3 exd4 10. Bxd4 Nc6 11. Be3 Nd7 12. Qd2 Re8 13. Bg5 Bf6 14. Bxf6 Nxf6 15. g3 Qe7 16. Bg2 Qe5 17. Rad1 a6 18. Rfe1 Rac8 19. Nd5 Ne7 20. f4 Qe6 21. Bh3 Qxh3 22. Nxf6+ Kg7 23. Nxe8+ Rxe8 24. c5 h5 25. cxd6 cxd6 26. Qxd6 Nc6 27. Qd7 Re6 28. Rd6 Nb8 29. Qc8 Nc6 30. Rxe6 fxe6 31. Qxb7+ 1-0


[Site "https://www.chess.com"]

[Event "Titled Tuesday Blitz July 25 Early 2023"]
[White "Sipila, Vilka"]
[Black "Samunenkov, Ihor"]
[WhiteFideId "505455"]
[BlackFideId "14187086"]
[WhiteElo "2620"]
[BlackElo "2800"]
[Result "1/2-1/2"]
[Round "8"]
[TimeControl "180+2"]
[Date "2023.07.25"]
[WhiteClock "0:00:03"]
[BlackClock "0:00:02"]
[Board "35"]

1. Nf3 d5 2. g3 c5 3. Bg2 Nc6 4. O-O e5 5. c4 Nf6 6. cxd5 Nxd5 7. Nc3 Be6 8. d3 Be7 9. Nxd5 Bxd5 10. b3 O-O 11. Bb2 f6 12. Rc1 Rc8 13. Nd2 Be6 14. Qc2 Nd4 15. Qd1 Qd7 16. Nc4 Rfd8 17. Qd2 Bh3 18. Bxh3 Qxh3 19. Bxd4 exd4 20. Qf4 Bf8 21. Nd2 Re8 22. Qf3 b6 23. b4 Qe6 24. Nb3 Qxe2 25. Nxd4 Qxa2 26. Nc6 cxb4 27. Ra1 Qe6 28. Nxa7 Rc5 29. d4 Rc3 30. Qb7 Qc4 31. Qxb6 Re6 32. Qb8 Qxd4 33. Nb5 Qb6 34. Qxb6 Rxb6 35. Nxc3 bxc3 36. Ra8 Kf7 37. Rc8 Rb3 38. Rc1 Bb4 39. Rb8 Rb2 40. Rb7+ Kg6 41. Kg2 h5 42. h4 Bc5 43. Rxb2 cxb2 44. Rb1 Bd4 45. Kf3 Kf5 46. Re1 g5 47. hxg5 fxg5 48. g4+ hxg4+ 49. Kg3 Be5+ 50. Kg2 Bf4 51. Rb1 Bc1 52. Kg3 Bf4+ 53. Kg2 Bc1 54. Kg3 Bf4+ 55. Kg2 1/2-1/2


[Site "https://www.chess.com"]

[Event "Titled Tuesday Blitz July 25 Early 2023"]
[White "Kantor, Gergely"]
[Black "Yaran, Siar"]
[WhiteFideId "751499"]
[BlackFideId "6323006"]
[WhiteElo "2795"]
[BlackElo "2621"]
[Result "0-1"]
[Round "8"]
[TimeControl "180+2"]
[Date "2023.07.25"]
[WhiteClock "0:00:00"]
[BlackClock "0:00:06"]
[Board "36"]

1. e4 e5 2. Nf3 Nc6 3. Bc4 Bc5 4. c3 Nf6 5. d3 a6 6. a4 Ba7 7. O-O d6 8. Re1 h6 9. Nbd2 O-O 10. h3 Be6 11. Bxe6 fxe6 12. b4 Ne7 13. Nf1 Nh5 14. Ra2 Ng6 15. d4 Qf6 16. N1h2 exd4 17. cxd4 Ngf4 18. Kh1 Rf7 19. g4 Nxh3 20. gxh5 Raf8 21. Be3 d5 22. Ne5 dxe4 23. Nxf7 Qxf7 24. Qg4 e5 25. Bxh6 Kh8 26. Bxg7+ Qxg7 27. Qxh3 Bxd4 28. Qg2 Qf7 29. Rae2 Bxf2 30. Rxf2 Qxf2 31. Qxf2 Rxf2 32. Rxe4 Rf5 33. h6 Rh5 34. Kg2 Rxh6 35. Rxe5 Rh4 36. Re8+ Kg7 37. Re7+ Kf6 38. Rxc7 Rxb4 39. a5 Rb5 40. Ng4+ Ke6 41. Kf3 Kd6 42. Rh7 Rxa5 43. Rxb7 Rb5 44. Ra7 a5 45. Ne3 Kc6 46. Ke4 Kb6 47. Rh7 Rb1 48. Nc4+ Kc5 49. Rc7+ Kb4 50. Rb7+ Kxc4 51. Rxb1 a4 52. Rb8 a3 53. Ra8 Kb3 54. Kd3 Kb2 55. Rb8+ Kc1 56. Rh8 a2 57. Rh1+ Kb2 58. Rh2+ Kb1 59. Kc3 a1=Q+ 60. Kb3 Qa8 61. Rd2 Qb7+ 62. Kc3 Qc6+ 63. Kd3 Kc1 64. Re2 Qd5+ 65. Ke3 Kd1 66. Rh2 Qe5+ 0-1


[Site "https://www.chess.com"]

[Event "Titled Tuesday Blitz July 25 Early 2023"]
[White "Pakleza, Zbigniew"]
[Black "Zavgorodniy, Sergiy"]
[WhiteFideId "1119290"]
[BlackFideId "14110148"]
[WhiteElo "2789"]
[BlackElo "2584"]
[Result "0-1"]
[Round "8"]
[TimeControl "180+2"]
[Date "2023.07.25"]
[WhiteClock "0:00:00"]
[BlackClock "0:00:03"]
[Board "37"]

1. d4 Nf6 2. Nf3 d6 3. Bf4 Nbd7 4. h3 g6 5. e3 Bg7 6. Be2 O-O 7. O-O b6 8. Bh2 Bb7 9. c3 e6 10. a4 a6 11. Nbd2 Qe7 12. Qb3 e5 13. a5 b5 14. c4 exd4 15. Nxd4 Nc5 16. Qa3 bxc4 17. Nxc4 Nce4 18. Rad1 Rab8 19. Nd2 Nxd2 20. Rxd2 Ne4 21. Rc2 c5 22. Nf3 h5 23. Rd1 Rfd8 24. Bc4 Kh8 25. Qd3 Bc6 26. Bxa6 Ba4 27. Rc4 Bxd1 28. Rxe4 Qa7 29. Qxd1 Qxa6 30. Re7 Rb7 31. Rxb7 Qxb7 32. Bf4 Qxb2 33. Ng5 Qa2 34. Kh2 Kg8 35. Qf3 Qxa5 36. Ne4 Qc7 37. Ng5 Qd7 38. Qd5 Bf6 39. Ne4 Be7 40. g4 Qe6 41. Qd3 d5 42. Ng3 c4 43. Qe2 h4 44. Nf1 Bd6 45. Qf3 Bxf4+ 46. exf4 Qe4 47. Qa3 Qxf4+ 48. Kg2 Qe4+ 49. Kg1 Qe6 50. Ne3 d4 51. Nc2 d3 52. Ne3 d2 53. Qa5 Qd6 54. Nd1 Qd3 55. Qg5 c3 0-1


[Site "https://www.chess.com"]

[Event "Titled Tuesday Blitz July 25 Early 2023"]
[White "Ezat, Mohamed"]
[Black "Nagy, Gabor"]
[WhiteFideId "10600906"]
[BlackFideId "737119"]
[WhiteElo "2601"]
[BlackElo "2786"]
[Result "0-1"]
[Round "8"]
[TimeControl "180+2"]
[Date "2023.07.25"]
[WhiteClock "0:00:06"]
[BlackClock "0:01:42"]
[Board "38"]

1. d4 g6 2. c4 Bg7 3. e4 d6 4. Nc3 Nc6 5. Be3 Nf6 6. d5 Ne5 7. h3 O-O 8. Be2 c6 9. Nf3 Nxf3+ 10. Bxf3 Nd7 11. O-O cxd5 12. cxd5 Qa5 13. Be2 a6 14. a3 b5 15. Bd4 Bb7 16. Bxg7 Kxg7 17. b4 Qb6 18. a4 Rfc8 19. Qd2 bxa4 20. Nxa4 Qd8 21. Rfc1 Nf6 22. Qd4 Rxc1+ 23. Rxc1 Rc8 24. Rc3 h5 25. g4 hxg4 26. hxg4 g5 27. Bf3 Rxc3 28. Nxc3 Qc7 29. Kg2 Bc8 30. Qe3 Nh7 31. Ne2 f6 32. Ng3 Nf8 33. Nh5+ Kf7 34. e5 dxe5 35. Qd3 Ng6 36. Be4 Nh4+ 37. Kg3 Qc1 38. d6 Qg1+ 39. Kh3 Bxg4# 0-1


[Site "https://www.chess.com"]

[Event "Titled Tuesday Blitz July 25 Early 2023"]
[White "ATM622"]
[Black "Rozman, Levy"]
[BlackFideId "2039877"]
[WhiteElo "2538"]
[BlackElo "2771"]
[Result "1-0"]
[Round "8"]
[TimeControl "180+2"]
[Date "2023.07.25"]
[WhiteClock "0:01:03"]
[BlackClock "0:00:00"]
[Board "39"]

1. d4 d5 2. c4 dxc4 3. e3 e5 4. Bxc4 Nc6 5. d5 Nce7 6. Nc3 Ng6 7. Nf3 Nf6 8. h3 a6 9. a4 Bd6 10. h4 Bg4 11. Be2 h6 12. Qb3 Rb8 13. Bd3 Qe7 14. Bxg6 fxg6 15. Nd2 O-O 16. Nde4 Bf5 17. Ng3 Bd3 18. Qd1 e4 19. Nge2 Ng4 20. Nf4 Bxf4 21. Qxg4 Be5 22. Bd2 Kh7 23. h5 Qb4 24. hxg6+ Kh8 25. Qd7 Qd6 26. Rxh6+ Kg8 27. Rh8+ Kxh8 28. Qh3+ 1-0


[Site "https://www.chess.com"]

[Event "Titled Tuesday Blitz July 25 Early 2023"]
[White "Garagulya, Konstantin"]
[Black "Tristan, Leonardo"]
[WhiteFideId "4128931"]
[BlackFideId "113816"]
[WhiteElo "2537"]
[BlackElo "2769"]
[Result "0-1"]
[Round "8"]
[TimeControl "180+2"]
[Date "2023.07.25"]
[WhiteClock "0:00:23"]
[BlackClock "0:01:21"]
[Board "40"]

1. d4 d5 2. Nf3 Nf6 3. c4 e6 4. Bg5 a6 5. Nbd2 Be7 6. e3 O-O 7. Qc2 Nbd7 8. Bd3 h6 9. Bh4 c5 10. O-O b5 11. b3 dxc4 12. bxc4 cxd4 13. Nxd4 Ne5 14. cxb5 Nxd3 15. Qxd3 e5 16. Bxf6 Bxf6 17. Qe4 exd4 18. Qxa8 dxe3 19. Ne4 Bxa1 20. Rxa1 Qd4 21. Re1 Bf5 22. Qxa6 Bxe4 23. Rf1 e2 24. Re1 Qd2 25. Qa5 Qxa5 0-1


[Site "https://www.chess.com"]

[Event "Titled Tuesday Blitz July 25 Early 2023"]
[White "Tomaszewski, Kacper"]
[Black "Dvirnyy, Danyyil"]
[WhiteFideId "1127373"]
[BlackFideId "817570"]
[WhiteElo "2493"]
[BlackElo "2765"]
[Result "0-1"]
[Round "8"]
[TimeControl "180+2"]
[Date "2023.07.25"]
[WhiteClock "0:00:09"]
[BlackClock "0:00:39"]
[Board "41"]

1. d4 d6 2. e4 Nf6 3. Nc3 e5 4. Nge2 Be7 5. h3 c6 6. g4 b5 7. Ng3 O-O 8. Bg2 b4 9. Nce2 Ba6 10. O-O exd4 11. Qxd4 c5 12. Qe3 Nc6 13. Nf5 Re8 14. Qg5 g6 15. Nh6+ Kf8 16. Qe3 Nd4 17. Nxd4 cxd4 18. Qxd4 Bxf1 19. Bxf1 Qb6 20. Qc4 d5 21. exd5 Rac8 22. Qb3 Ne4 23. Qf3 Bf6 24. g5 Rxc2 25. Be3 Nxg5 26. Bxg5 Rxf2 27. Be3 Rxe3 28. Qxf2 Rg3+ 29. Bg2 Bd4 30. Rf1 f5 31. d6 Qxd6 32. Kh1 Bxf2 33. Rxf2 Kg7 0-1


[Site "https://www.chess.com"]

[Event "Titled Tuesday Blitz July 25 Early 2023"]
[White "Mishra, Manoj"]
[Black "Mayank Chakraborty"]
[WhiteFideId "5006007"]
[BlackFideId "25659766"]
[WhiteElo "2230"]
[BlackElo "2732"]
[Result "1-0"]
[Round "8"]
[TimeControl "180+2"]
[Date "2023.07.25"]
[WhiteClock "0:00:10"]
[BlackClock "0:00:00"]
[Board "42"]

1. d4 Nf6 2. Nf3 e6 3. c4 d5 4. g3 dxc4 5. Bg2 Nc6 6. Nc3 Bb4 7. O-O O-O 8. Bg5 Rb8 9. e4 h6 10. Bxf6 Qxf6 11. e5 Qe7 12. Qc2 Rd8 13. Rad1 b5 14. d5 Bxc3 15. dxc6 Bb4 16. a3 Bc5 17. b4 Bb6 18. Rxd8+ Qxd8 19. Rd1 Qe8 20. a4 bxa4 21. Qxc4 a3 22. Qd3 a5 23. b5 Qf8 24. Ra1 Bc5 25. Bf1 Bb4 26. Qe4 Bc3 27. Ra2 Bb2 28. Bd3 g6 29. Nh4 Qb4 30. Qe2 Kg7 31. Nf3 Qb3 32. Bc4 Qc3 33. h4 h5 34. Kg2 a4 35. Qd3 Qb4 36. Qd8 Qxc4 37. Qf6+ Kg8 38. Ng5 Qd5+ 39. Kh2 Qb3 40. Qxf7+ 1-0


[Site "https://www.chess.com"]

[Event "Titled Tuesday Blitz July 25 Early 2023"]
[White "KhalilMousavi98"]
[Black "Nagare Kaivalya Sandip"]
[BlackFideId "25957929"]
[WhiteElo "2837"]
[BlackElo "2656"]
[Result "1-0"]
[Round "8"]
[TimeControl "180+2"]
[Date "2023.07.25"]
[WhiteClock "0:01:13"]
[BlackClock "0:00:17"]
[Board "43"]

1. e4 c5 2. Nf3 d6 3. d4 cxd4 4. Nxd4 Nf6 5. Nc3 a6 6. Bc4 e6 7. Be3 Be7 8. f3 O-O 9. Qd2 b5 10. Bb3 Nbd7 11. Nc6 Qe8 12. O-O-O b4 13. Na4 d5 14. exd5 exd5 15. Rhe1 Bb7 16. Nxe7+ Qxe7 17. Bc5 Qxc5 18. Nxc5 Nxc5 19. Qxb4 Rfc8 20. Qa5 Rab8 21. Kb1 h5 22. g4 hxg4 23. fxg4 Nxb3 24. axb3 Nxg4 25. Rg1 Ne3 26. Rd3 Nxc2 27. Rc1 d4 28. Rxc2 Rxc2 29. Kxc2 Be4 30. Qxa6 Bxd3+ 31. Qxd3 Rb4 32. Kb1 g6 33. Ka2 f5 34. Qd2 Rb8 35. Qxd4 Rf8 36. Qf4 Kf7 37. b4 Kf6 38. b5 g5 39. Qd6+ Kg7 40. b6 Rf7 41. Qc7 1-0


[Site "https://www.chess.com"]

[Event "Titled Tuesday Blitz July 25 Early 2023"]
[White "Lenaerts, Lennert"]
[Black "Harsh Suresh"]
[WhiteFideId "211435"]
[BlackFideId "45018464"]
[WhiteElo "2638"]
[BlackElo "2835"]
[Result "0-1"]
[Round "8"]
[TimeControl "180+2"]
[Date "2023.07.25"]
[WhiteClock "0:00:42"]
[BlackClock "0:01:54"]
[Board "44"]

1. d4 Nf6 2. c4 Nc6 3. Nf3 e6 4. Nc3 Bb4 5. Qc2 Qe7 6. Bd2 O-O 7. a3 Bxc3 8. Bxc3 d6 9. b4 e5 10. dxe5 Nxe5 11. Nxe5 dxe5 12. e3 b6 13. Be2 Bb7 14. O-O Rfd8 15. Rfd1 Qe6 16. f3 h5 17. Rxd8+ Rxd8 18. Rd1 Re8 19. Be1 e4 20. f4 Ba6 21. b5 Bc8 22. a4 Qe7 23. Qb3 Bg4 24. Bxg4 Nxg4 25. h3 Nh6 26. Bb4 Qe6 27. Qc3 h4 28. c5 Nf5 29. a5 Qa2 30. cxb6 cxb6 31. axb6 axb6 32. Qc6 Re6 33. Qc8+ Kh7 34. Re1 Rg6 35. Qxf5 Qxg2# 0-1


[Site "https://www.chess.com"]

[Event "Titled Tuesday Blitz July 25 Early 2023"]
[White "Kaasen, Tor Fredrik"]
[Black "Arat, Ufuk Sezen"]
[WhiteFideId "1516647"]
[BlackFideId "6309089"]
[WhiteElo "2813"]
[BlackElo "2628"]
[Result "1-0"]
[Round "8"]
[TimeControl "180+2"]
[Date "2023.07.25"]
[WhiteClock "0:00:28"]
[BlackClock "0:00:01"]
[Board "45"]

1. e4 c5 2. Nf3 e6 3. g3 b6 4. Bg2 Bb7 5. Qe2 Ne7 6. O-O g6 7. c3 Bg7 8. d4 d6 9. Rd1 O-O 10. h4 h5 11. Bg5 Qc7 12. Nbd2 Nd7 13. Rac1 Rae8 14. Qe3 d5 15. e5 Nf5 16. Qf4 f6 17. exf6 Qxf4 18. Bxf4 Bxf6 19. Nb3 Ba6 20. Re1 Bd3 21. Ne5 Nxe5 22. Bxe5 Bxe5 23. Rxe5 Bc4 24. dxc5 Bxb3 25. axb3 bxc5 26. c4 d4 27. Rxc5 Rb8 28. Rb5 a6 29. Rxb8 Rxb8 30. c5 Rxb3 31. c6 Nd6 32. c7 Nc8 33. Rc4 e5 34. Bd5+ Kf8 35. Be6 d3 36. Bxc8 d2 37. Bg4 1-0


[Site "https://www.chess.com"]

[Event "Titled Tuesday Blitz July 25 Early 2023"]
[White "Mamedov, Edgar"]
[Black "Fiorito, Joaquin"]
[WhiteFideId "13739980"]
[BlackFideId "180173"]
[WhiteElo "2616"]
[BlackElo "2786"]
[Result "0-1"]
[Round "8"]
[TimeControl "180+2"]
[Date "2023.07.25"]
[WhiteClock "0:00:00"]
[BlackClock "0:00:04"]
[Board "46"]

1. d4 Nf6 2. c4 e6 3. Nc3 Bb4 4. e3 O-O 5. Ne2 Re8 6. a3 Bf8 7. g3 d5 8. Bg2 b6 9. cxd5 exd5 10. O-O Bb7 11. b4 a6 12. Rb1 Bd6 13. Nf4 c6 14. f3 a5 15. e4 axb4 16. axb4 Bf8 17. e5 Nfd7 18. b5 c5 19. Ncxd5 cxd4 20. Kh1 Nxe5 21. Qxd4 Bc5 22. Qd1 Nc4 23. Qd3 Ne5 24. Qe4 Nbd7 25. Bb2 Ng6 26. Ne7+ Qxe7 27. Qxb7 Nxf4 28. gxf4 Rad8 29. Qd5 Nf8 30. Qe5 f6 31. Qe4 Qf7 32. Qc2 Ne6 33. f5 Nf4 34. Bc1 Nd3 35. Rb3 Re1 36. Rxe1 Nxe1 37. Qb1 Rd1 38. Bf1 Nxf3 0-1


[Site "https://www.chess.com"]

[Event "Titled Tuesday Blitz July 25 Early 2023"]
[White "Nurgaliyeva, Zarina"]
[Black "Kosteniuk, Alexandra"]
[WhiteFideId "13730096"]
[BlackFideId "4128125"]
[WhiteElo "2624"]
[BlackElo "2776"]
[Result "0-1"]
[Round "8"]
[TimeControl "180+2"]
[Date "2023.07.25"]
[WhiteClock "0:00:15"]
[BlackClock "0:00:49"]
[Board "47"]

1. e4 c6 2. d4 d5 3. e5 c5 4. dxc5 e6 5. a3 Bxc5 6. Qg4 Ne7 7. Nf3 Ng6 8. Bd3 Nc6 9. Qg3 Qc7 10. Bf4 Nd4 11. Bxg6 fxg6 12. Nxd4 Bxd4 13. c3 Bb6 14. Nd2 O-O 15. O-O Bd7 16. Be3 Rf5 17. f4 Raf8 18. Kh1 Bb5 19. Rf2 g5 20. Nb3 gxf4 21. Rxf4 Bxe3 22. Rxf5 Rxf5 23. Qxe3 Qxe5 24. Qxa7 Qe2 25. Na5 Qxb2 26. Rg1 Qf2 27. Qxb7 Qxg1+ 0-1


[Site "https://www.chess.com"]

[Event "Titled Tuesday Blitz July 25 Early 2023"]
[White "Arabidze, Meri"]
[Black "Nazari, Arad"]
[WhiteFideId "13604040"]
[BlackFideId "12577324"]
[WhiteElo "2616"]
[BlackElo "2774"]
[Result "0-1"]
[Round "8"]
[TimeControl "180+2"]
[Date "2023.07.25"]
[WhiteClock "0:00:00"]
[BlackClock "0:00:08"]
[Board "48"]

1. d4 Nf6 2. c4 g6 3. Nc3 d5 4. cxd5 Nxd5 5. Bd2 Nb6 6. Nf3 Bg7 7. Bg5 c5 8. dxc5 Bxc3+ 9. bxc3 Qxd1+ 10. Rxd1 Na4 11. Rd4 Nxc5 12. Bh6 Nc6 13. Rd1 f6 14. e3 Be6 15. Nd4 Bxa2 16. Bb5 Kf7 17. Nxc6 bxc6 18. Bxc6 Rac8 19. Bf3 Bb3 20. Ra1 Nd3+ 21. Ke2 Rxc3 22. e4 Ne5 23. Rxa7 Bc4+ 24. Kd2 Rd3+ 25. Kc2 Rc8 26. Be3 Bb3+ 27. Kb1 Bc2+ 28. Ka1 Rb3 29. Rc1 Rc4 30. Be2 Bd3 31. Rxc4 Nxc4 32. Bxd3 Rxd3 33. Bc5 Nd6 34. Bxd6 Rxd6 35. Ra2 Rd1+ 36. Kb2 Rd2+ 37. Kb3 Rxa2 38. Kxa2 Ke6 39. f4 f5 40. e5 Kd5 41. Kb3 Ke4 42. g3 Kf3 43. Kc4 Kg2 44. Kd5 Kxh2 45. Ke6 Kxg3 46. Kxe7 g5 47. e6 gxf4 48. Kf6 f3 49. e7 f2 50. e8=Q f1=Q 51. Qg8+ Kf4 52. Qb8+ Kg4 53. Qg8+ Kf4 54. Qb8+ Kf3 55. Qb7+ Kg3 56. Qxh7 f4 57. Qg6+ Kf2 58. Kg5 f3 59. Qb6+ Kg2 60. Qc6 Qe2 61. Kh6 Qe3+ 62. Kg6 Kg3 63. Qd6+ Qf4 64. Qd3 Kg2 65. Qd5 Kh2 66. Qh5+ Kg1 67. Qc5+ f2 68. Qb6 Kh2 69. Qb2 Kh3 70. Qb3+ Qg3+ 0-1


[Site "https://www.chess.com"]

[Event "Titled Tuesday Blitz July 25 Early 2023"]
[White "Vakhlamov, Igor L."]
[Black "Gamayev, Oleg"]
[WhiteFideId "24126748"]
[BlackFideId "2802813"]
[WhiteElo "2768"]
[BlackElo "2595"]
[Result "1-0"]
[Round "8"]
[TimeControl "180+2"]
[Date "2023.07.25"]
[WhiteClock "0:02:23"]
[BlackClock "0:02:11"]
[Board "49"]

1. e4 d6 2. d4 Nf6 3. Nc3 e5 4. dxe5 dxe5 5. Qxd8+ Kxd8 6. Bg5 Be7 7. Nf3 Nbd7 8. O-O-O Ke8 9. Bh4 Ng8 10. Bxe7 Nxe7 11. Nb5 Kd8 12. Nxe5 f6 13. Nf7+ Ke8 14. Nxh8 1-0


[Site "https://www.chess.com"]

[Event "Titled Tuesday Blitz July 25 Early 2023"]
[White "Morefield, Jason"]
[Black "Richter, Nils"]
[WhiteFideId "30920825"]
[BlackFideId "12990809"]
[WhiteElo "2741"]
[BlackElo "2584"]
[Result "1-0"]
[Round "8"]
[TimeControl "180+2"]
[Date "2023.07.25"]
[WhiteClock "0:00:03"]
[BlackClock "0:00:00"]
[Board "50"]

1. d4 g6 2. e4 Bg7 3. Nc3 a6 4. Be3 b5 5. f4 Bb7 6. Bd3 d6 7. Nf3 Nd7 8. e5 e6 9. O-O Ne7 10. a4 b4 11. Ne4 Nf5 12. Bf2 h5 13. a5 O-O 14. Qe1 Rb8 15. Nh4 Re8 16. Nxf5 exf5 17. Bh4 Qc8 18. Ng5 c5 19. dxc5 dxe5 20. Qf2 exf4 21. Bc4 Ne5 22. Bb3 Qc6 23. Rfe1 Ng4 24. Bxf7+ Kh8 25. Rxe8+ Rxe8 26. Bxe8 Qxe8 27. Qxf4 Qc6 28. Nf3 Qxc5+ 29. Kh1 Qxc2 30. Re1 Qc6 31. h3 Nf6 32. Re7 Ng8 33. Rc7 Qd5 34. Qc4 Qd1+ 35. Ng1 Bd5 36. Qe2 Qd4 37. Rc1 Be4 38. Bf2 Qxb2 39. Qxb2 Bxb2 40. Rc8 Kg7 41. Rb8 Ba3 42. Bc5 Nf6 43. Bxb4 Bxb4 44. Rxb4 Nd5 45. Rb8 Ne3 46. Nf3 Kf6 47. Kh2 Nc4 48. Nd4 Nxa5 49. Rb2 Nc4 50. Ra2 a5 51. Nb3 f4 52. Ra4 Bd3 53. Nxa5 Nxa5 54. Rxa5 Bf5 55. h4 Be4 56. Kg1 f3 57. g3 Bf5 58. Kf2 Bg4 59. Ke3 Ke6 60. Kf4 Kf6 61. Ra6+ Kf7 62. Kg5 Bf5 63. Ra3 Be4 64. Ra7+ Ke6 65. Ra2 Ke5 66. Rf2 Kd5 67. Kf4 Kd4 68. Rd2+ Kc3 69. Ke3 Bb7 70. Rd6 Kc2 71. Rxg6 1-0


[Site "https://www.chess.com"]